Map: Ephemeron LE

Players

Reynor - Winner!

  • Race: Zerg Zerg
  • Spawn Location: 11:00

Serral

  • Race: Zerg Zerg
  • Spawn Location: 5:00

Event: 2019 WCS Global FInals

VOD

Have the link to the VOD?

Description

Time

  • Played on: Nov. 1, 2019, 9:15 p.m.
  • Length: 11:57

All games in this series

Show
View Real Time Build Order
Export as new Build Order

Reynor Zerg - Winner!

Build Orders: Hatch First, Muta Ling Bane 

Get SALT Encoding   

  12  0:00  Drone  
  13  0:12  Overlord  
  13  0:16  Drone  
  14  0:30  Drone x2  
  16  0:47  Hatchery  
  15  0:50  Drone  
  15  0:55  Drone  
  17  0:57  Drone  
  18  1:09  Extractor  
  17  1:13  Spawning Pool  
  17  1:17  Drone  
  17  1:19  Drone  
  18  1:27  Drone  
  19  1:38  Drone  
  20  1:49  Drone  
  21  1:59  Overlord, Queen x2  
  21  2:00  Zergling x2  
  26  2:10  Drone x2  
  26  2:12  Metabolic Boost  
  28  2:21  Drone x2  
  30  2:36  Hatchery  
  29  2:37  Drone  
  29  2:38  Drone  
  31  2:46  Drone, Baneling Nest  
  31  2:48  Drone  
  32  2:54  Overlord  
  32  2:55  Drone  
  33  3:03  Queen  
  33  3:05  Drone  
  36  3:13  Drone, Zergling x6  
  36  3:15  Zergling x2  
  36  3:19  Overlord  
  41  3:23  Zergling x4  
  41  3:25  Drone  
  44  3:35  Baneling x2  
  44  3:36  Overlord  
  44  3:38  Baneling  
  44  3:39  Drone x3  
  44  3:41  Zergling x2  
  48  3:43  Drone  
  49  3:49  Drone  
  49  3:55  Zergling x4  
  52  3:58  Drone  
  52  3:59  Drone  
  53  4:05  Overlord  
  53  4:06  Lair  
  53  4:09  Drone  
  53  4:11  Drone, Extractor  
  53  4:12  Drone, Extractor  
  53  4:13  Drone x2  
  53  4:15  Evolution Chamber  
  53  4:16  Drone  
  54  4:17  Drone  
  54  4:18  Drone  
  54  4:20  Drone  
  54  4:23  Drone x2  
  59  4:27  Drone  
  59  4:28  Drone x2  
  59  4:30  Drone  
  63  4:37  Roach Warren  
  62  4:39  Drone x2  
  62  4:41  Drone  
  65  4:45  Zerg Melee Weapons Level 1  
  65  4:46  Drone x3  
  65  4:50  Drone x2  
  70  4:53  Drone  
  70  4:56  Drone x2, Extractor  
  70  4:59  Overlord  
  72  5:00  Drone  
  72  5:06  Overlord  
  73  5:09  Baneling  
  73  5:10  Drone  
  73  5:13  Drone, Extractor  
  73  5:14  Drone, Spire  
  74  5:15  Overlord, Extractor  
  74  5:16  Drone  
  74  5:18  Drone  
  74  5:19  Drone  
  74  5:20  Drone  
  77  5:22  Drone  
  77  5:28  Overlord  
  77  5:31  Drone  
  77  5:32  Drone  
  79  5:36  Zergling x12  
  79  5:38  Zergling x2  
  79  5:41  Overlord  
  86  5:43  Zergling x2  
  86  5:48  Drone  
  88  5:56  Zergling x4  
  89  5:58  Zergling x6  
  89  6:00  Hatchery, Zergling x4  
  89  6:01  Zergling x4  
  95  6:05  Overlord  
  94  6:28  Mutalisk x8  
  94  6:29  Mutalisk x3  
  94  6:31  Zergling x8  
  116  6:35  Zergling x4  
  116  6:39  Mutalisk  
  108  6:43  Mutalisk  
  108  6:46  Zergling x2  
  108  6:49  Zergling x2  
  108  6:50  Zerg Melee Weapons Level 2  
  108  6:53  Zergling x4  
  110  6:58  Zerg Flyer Weapons Level 1  
  110  7:00  Drone  
  111  7:02  Drone  
  111  7:03  Drone x4  
  111  7:04  Zergling x10  
  111  7:06  Centrifical Hooks  
  111  7:08  Zergling x2  
  122  7:13  Overlord  
  122  7:18  Mutalisk x2  
  122  7:20  Drone  
  127  7:23  Drone  
  127  7:27  Overlord, Extractor  
  127  7:32  Mutalisk x2  
  127  7:33  Queen  
  132  7:42  Drone x3  
  135  7:45  Zergling x2  
  135  7:46  Zergling x16  
  143  7:52  Overlord  
  143  7:53  Mutalisk  
  144  7:58  Overlord  
  144  8:02  Overlord x2  
  144  8:11  Mutalisk x5  
  151  8:15  Overlord  
  151  8:18  Zergling x14  
  151  8:19  Baneling x9  
  158  8:20  Baneling  
  158  8:21  Zergling x2  
  159  8:30  Zergling x22  
  159  8:33  Zergling x2  
  169  8:37  Mutalisk x2  
  169  8:41  Zergling x4  
  171  8:44  Zergling x2  
  154  8:50  Mutalisk x3  
  149  8:55  Zergling x2  
  149  8:56  Overseer  
  149  8:58  Mutalisk  
  149  8:59  Spore Crawler, Zergling x2  
  145  9:03  Mutalisk  
  145  9:05  Zergling x18  
  145  9:08  Mutalisk  
  156  9:10  Overseer x2  
  156  9:14  Pneumatized Carapace  
  156  9:15  Drone x3, Overseer  
  156  9:16  Extractor  
  158  9:17  Mutalisk  
  158  9:20  Zergling x6  
  158  9:23  Overlord  
  163  9:31  Spore Crawler  
  162  9:35  Zergling x28  
  176  9:39  Overlord  
  176  9:42  Zerg Ground Armor Level 1  
  176  9:44  Overseer  
  176  9:50  Mutalisk x4  
  176  9:52  Overlord  
  184  9:58  Spine Crawler  
  184  9:59  Spine Crawler  
  182  10:01  Overseer  
  182  10:10  Baneling x20  
  182  10:12  Drone x2  
  182  10:18  Drone x4  
  182  10:19  Baneling x7  
  182  10:20  Overlord, Drone  
  184  10:22  Zergling x2  
  184  10:23  Zergling x4  
  184  10:24  Drone  
  187  10:29  Zergling x8  
  187  10:30  Zergling x2  
  187  10:31  Baneling  
  187  10:32  Baneling x2  
  187  10:33  Baneling x2  
  192  10:37  Baneling x4  
  192  10:39  Baneling x2  
  192  10:40  Baneling x3  
  192  10:45  Zergling x12  
  196  10:53  Zergling x14  
  196  10:55  Zergling x4  
  181  10:57  Zergling x4  
  181  10:58  Zergling x2  
  181  10:59  Zergling x2  
  167  11:07  Mutalisk x3  
  167  11:09  Zergling x2  
  160  11:17  Mutalisk x2  
  151  11:24  Mutalisk x4  
  155  11:31  Mutalisk  
  145  11:33  Zergling x2  
  145  11:34  Overseer  
  145  11:39  Zergling x4  
  160  11:47  Hatchery  
Show
View Real Time Build Order
Export as new Build Order

Serral Zerg 

Build Orders: Hatch First 

Get SALT Encoding   

  12  0:00  Drone  
  13  0:12  Overlord  
  13  0:16  Drone  
  14  0:31  Drone x2  
  16  0:48  Hatchery  
  15  0:51  Drone  
  15  0:55  Drone  
  17  0:58  Drone  
  18  1:08  Extractor  
  17  1:13  Spawning Pool  
  17  1:17  Drone  
  17  1:20  Drone  
  18  1:27  Drone  
  19  1:38  Drone  
  20  1:49  Drone  
  21  1:59  Overlord  
  21  2:00  Queen x2  
  21  2:01  Zergling x2  
  26  2:08  Metabolic Boost  
  26  2:11  Drone  
  26  2:12  Drone  
  28  2:22  Drone x2  
  30  2:36  Hatchery  
  29  2:40  Drone x2  
  31  2:44  Overlord  
  31  2:47  Drone  
  32  2:52  Queen  
  34  3:00  Zergling x2  
  34  3:01  Drone  
  34  3:05  Zergling x4  
  38  3:09  Zergling x6  
  41  3:13  Overlord  
  41  3:16  Zergling x2  
  41  3:18  Zergling x2  
  43  3:22  Baneling Nest  
  43  3:23  Zergling x2  
  43  3:33  Overlord  
  43  3:35  Drone x2  
  43  3:39  Zergling x2  
  43  3:40  Overlord  
  46  3:41  Drone  
  46  3:44  Drone x2  
  49  3:53  Evolution Chamber, Drone  
  49  3:56  Zergling x2  
  49  3:57  Zergling x2  
  50  4:03  Drone x2  
  50  4:04  Drone  
  53  4:13  Baneling x2, Extractor, Drone  
  53  4:14  Drone x3  
  53  4:16  Overlord  
  56  4:20  Zerg Missile Weapons Level 1  
  56  4:21  Drone  
  56  4:23  Drone  
  58  4:29  Lair  
  58  4:30  Drone  
  59  4:31  Drone  
  59  4:34  Drone  
  59  4:36  Drone x2  
  63  4:40  Drone x2  
  63  4:44  Drone x2  
  66  4:48  Roach Warren  
  66  4:50  Extractor  
  66  4:51  Drone, Extractor  
  66  4:52  Drone  
  65  4:58  Drone  
  65  4:59  Drone x3  
  69  5:00  Drone  
  69  5:02  Overlord  
  69  5:05  Drone x2  
  72  5:08  Drone x2  
  72  5:11  Drone x2  
  72  5:13  Drone  
  72  5:14  Drone  
  78  5:16  Drone, Extractor  
  78  5:18  Extractor  
  78  5:19  Drone  
  78  5:23  Overlord  
  78  5:24  Drone x2  
  78  5:25  Drone x2  
  78  5:27  Pneumatized Carapace  
  82  5:29  Overseer  
  82  5:31  Overlord  
  82  5:34  Drone x2  
  82  5:35  Evolution Chamber, Drone  
  85  5:40  Overlord  
  85  5:41  Overseer  
  83  5:45  Glial Reconstitution  
  83  5:49  Roach x3  
  89  5:56  Hatchery  
  88  5:58  Roach x2  
  88  6:03  Zerg Ground Armor Level 1  
  92  6:04  Roach  
  92  6:05  Roach  
  92  6:09  Overlord  
  96  6:12  Roach x2  
  96  6:15  Queen  
  96  6:16  Queen  
  104  6:19  Queen  
  104  6:23  Zerg Missile Weapons Level 2  
  105  6:32  Ravager, Roach x3, Zergling x6  
  110  6:34  Zergling x2, Roach x2  
  110  6:35  Zergling x2  
  110  6:37  Ravager x2  
  110  6:39  Roach  
  107  6:48  Drone x5  
  107  6:50  Queen  
  107  6:53  Spore Crawler  
  107  6:54  Spore Crawler x2  
  109  7:00  Spore Crawler  
  107  7:02  Queen x2  
  107  7:07  Tunneling Claws  
  111  7:10  Overlord  
  111  7:12  Drone x2  
  113  7:19  Spore Crawler, Drone x2  
  113  7:20  Spore Crawler  
  113  7:21  Drone  
  114  7:23  Spore Crawler  
  114  7:24  Overlord  
  114  7:27  Burrow  
  113  7:32  Infestation Pit  
  113  7:35  Overlord  
  113  7:37  Spore Crawler  
  111  7:38  Overlord, Queen  
  111  7:39  Drone x2  
  115  7:45  Queen  
  115  7:47  Overlord  
  115  7:51  Drone x6  
  120  8:00  Drone x2  
  120  8:03  Spore Crawler  
  120  8:04  Zerg Ground Armor Level 2  
  121  8:10  Baneling x3  
  119  8:14  Spore Crawler  
  119  8:15  Roach x6  
  119  8:19  Hydralisk Den, Infestor x2  
  133  8:26  Infestor  
  133  8:29  Infestor  
  133  8:33  Roach x5  
  144  8:35  Roach  
  144  8:38  Roach  
  133  8:50  Queen  
  133  8:51  Queen  
  133  8:52  Hydralisk  
  133  8:55  Hydralisk  
  126  8:59  Hydralisk  
  130  9:12  Hatchery  
  129  9:18  Infestor x4  
  129  9:19  Grooved Spines  
  129  9:35  Hydralisk x4  
  135  9:41  Hydralisk  
  135  9:42  Hydralisk  
  133  9:51  Roach x3  
  133  9:52  Drone x3  
  134  9:55  Drone  
  134  9:58  Drone  
  132  10:07  Overlord  
  132  10:13  Hydralisk x2  
  136  10:25  Hydralisk x4  
  140  10:32  Roach x3  
  144  10:45  Roach x5  
  144  10:49  Drone x9  
  134  10:59  Hydralisk x4  
  134  11:00  Infestor x3  
  127  11:04  Roach  
  127  11:05  Roach x2  
  127  11:06  Roach  
  113  11:11  Hydralisk x2  
  113  11:16  Hydralisk  
  105  11:21  Roach  
  105  11:23  Hydralisk  
  107  11:27  Hydralisk  
  107  11:30  Roach  
Tags
 
Add a new tag
Caveats
  • Supply blocks, unpowered buildings, or Contaminate may cause inaccurate times.
  • Supply counts are checked every 10 seconds.